 Dungeon Crawl Stone Soup version 0.31.0-4-g52a2dc7128 (webtiles) character file.

Game seed: 2454835404879866622

8227 ymhsbmbesitwf the Cleaver (level 11, 0/129 HPs)
             Began as a Human Berserker on Jan 21, 2024.
             Was a High Priest of Trog.
             Slain by a troll (8 damage)
             ... on level 9 of the Dungeon.
             The game lasted 00:15:34 (8236 turns).

ymhsbmbesitwf the Cleaver (Human Berserker)         Turns: 8236, Time: 00:15:36

Health: 0/129      AC: 19    Str: 29    XL:     11   Next: 27%
Magic:  11/11      EV: 10    Int:  7    God:    Trog [*****.]
Gold:   541        SH:  5    Dex: 18    Spells: 10/10 levels left

rFire   . . .        a - +0 battleaxe
rCold   . . .        (shield currently unavailable)
rNeg    . . .        I - +0 plate armour
rPois   .            x - +2 helmet {SInv}
rElec   .            (no cloak)
rCorr   .            D - +0 pair of gloves
SInv    +            i - +0 pair of boots
Will    .....        o - amulet of reflection Stlth
                     t - +6 ring of strength
HPRegen 0.41/turn    C - +6 ring of dexterity
MPRegen 0.12/turn

%: reflection
@: berserking, lethally poisoned (0 -> -5), slowed
A: explore regen
a: Renounce Religion, Berserk, Trog's Hand, Brothers in Arms


You were on level 9 of the Dungeon.
You worshipped Trog.
Trog was extremely pleased with you.
You visited 2 branches of the dungeon, and saw 10 of its levels.
You also visited: Bailey.

You collected 594 gold pieces.
You spent 53 gold pieces at shops.

Inventory:

Hand Weapons
 a - a +0 battleaxe (weapon)
 b - a +0 halberd
Missiles
 B - 2 throwing nets (quivered)
Armour
 i - a +0 pair of boots (worn)
 x - a +2 helmet of see invisible (worn)
 D - a +0 pair of gloves (worn)
 I - a +0 plate armour (worn)
Jewellery
 o - an amulet of reflection (around neck)
 t - a +6 ring of strength (left hand)
 v - a ring of flight
 C - a +6 ring of dexterity (right hand)
Wands
 r - a wand of polymorph (11)
 E - a wand of mindburst (10)
 J - a wand of flame (16)
 L - a wand of roots (2)
 M - a wand of charming (4)
Scrolls
 e - a scroll of enchant armour {unknown}
 g - a scroll of brand weapon {unknown}
 j - 2 scrolls of silence
 l - 5 scrolls of blinking
 m - a scroll of immolation {unknown}
 n - a scroll of butterflies {unknown}
 q - 4 scrolls of fear
 u - 3 scrolls of teleportation
 w - 3 scrolls of poison
 y - a scroll of vulnerability {unknown}
 z - a scroll of revelation {unknown}
 A - a scroll of noise {unknown}
 G - 2 scrolls of enchant weapon {unknown}
Potions
 c - a potion of berserk rage {unknown}
 d - a potion of ambrosia
 f - 14 potions of curing
 h - a potion of heal wounds
 k - 7 potions of attraction
 p - 3 potions of haste {unknown}
 s - 2 potions of enlightenment
 F - a potion of magic {unknown}
 H - a potion of invisibility {unknown}
 K - a potion of lignification {unknown}


   Skills:
 + Level 8.0 Fighting
 + Level 13.0 Axes
 + Level 7.8 Armour
 + Level 5.0 Dodging


You had 10 spell levels left.
You didn't know any spells.
Your spell library was empty.

Dungeon Overview and Level Annotations

Branches:
Dungeon (9/15)             Temple (1/1) D:5          Bailey (visited)
   Lair: D:8-11         Orc: D:9-12

Altars:
Ashenzari
Cheibriados
Dithmenos
Elyvilon
Fedhas
Gozag
Hepliaklqana
Kikubaaqudgha
Makhleb
Nemelex Xobeh
Okawaru
Qazlal
Ru
Sif Muna
Trog
Uskayaw
Vehumet
Wu Jian
Xom
Yredelemnul
Zin
The Shining One

Shops:
D:1 *   D:3 !


Innate Abilities, Weirdness & Mutations

You regain HP and MP as you explore.


Message History

The orc priest hits you but does no damage.
The troll bites you but does no damage. The troll claws you but does no damage.
The troll claws you.
The orc wizard hits you but does no damage.
The hornet stings you but does no damage.
You feel very sick. The hornet stings you.
You shrug off the repeated paralysis!
The orc priest calls down the wrath of Beogh upon you.
Beogh smites you!
* * * LOW HITPOINT WARNING * * *
The troll bites you but does no damage.
The troll claws you but does no damage. x2
The orc wizard casts a spell at you. The magic dart hits you.
* * * LOW HITPOINT WARNING * * *
You can move again.
You hit the orc priest.
The orc priest is severely wounded.
You slice the troll!! You hit the orc wizard.
You kill the orc wizard!
Trog accepts your kill.
Trog appreciates your killing of a magic user.
You closely miss the hornet.
You feel very sick. The hornet stings you!
* * * LOW HITPOINT WARNING * * *
You feel as though you will be slow longer.
The troll barely misses you. The troll claws you.
* * * LOW HITPOINT WARNING * * *
The troll completely misses you.
The orc priest hits you with a +0 dagger.
* * * LOW HITPOINT WARNING * * *
The hornet closely misses you.
You closely miss the orc priest.
The orc priest is severely wounded.
You barely miss the troll. You closely miss the orc. You hit the hornet.
You feel sick. The hornet misses you.
The orc priest hits you but does no damage.
The troll closely misses you. The troll claws you but does no damage.
The troll claws you!
You die...

####################
##...................
##....................
##.....................
##..............oT......
#............###@o......
............## ##y......
..))........# .......
...)......(.## .......
.............## .......
............... .......
................ ....###
................ ....#
....(..........


You could see a troll, a hornet, an orc priest and an orc.

Vanquished Creatures
  2 vault guards (Bailey)
  The ghost of EnegeticOcto the Chopper, a novice MiFi of Okawaru (D:6)
  An ugly thing (D:7)
  A hornet (D:6)
  Prince Ribbit (Bailey)
  4 slime creatures (D:9)
  8 humans (Bailey)
  2 wyverns
  A steam dragon (D:8)
  4 orc warriors
  2 ice beasts
  An ogre (D:4)
  5 phantoms
  10 bullfrogs
  A gnoll sergeant (D:7)
  2 scorpions
  3 wights (D:7)
  3 killer bees (D:8)
  6 hounds
  3 quasits (D:6)
  8 orc priests
  2 bombardier beetles
  2 jellies
  2 iguanas
  3 sleepcaps
  8 orc wizards
  Robin (D:4)
  14 gnolls
  5 adders
  2 white imps
  2 ufetubi (D:6)
  A dart slug (D:2)
  2 ribbon worms
  30 orcs
  4 bats
  4 endoplasms
  3 giant cockroaches
  20 goblins
  12 hobgoblins
  8 jackals
  8 kobolds
  3 quokkas
  11 ball pythons
  3 frilled lizards
  7 rats
226 creatures vanquished.

Notes
Turn   | Place    | Note
-------+----------+-------------------------------------------
     0 | D:1      | ymhsbmbesitwf the Human Berserker began the quest for the
                  | Orb.
     0 | D:1      | Reached XP level 1. HP: 18/18 MP: 1/1
   149 | D:1      | Reached XP level 2. HP: 24/24 MP: 2/2
   410 | D:1      | Reached ** piety under Trog
   486 | D:1      | Found Miveewig's General Store.
   492 | D:1      | Reached XP level 3. HP: 28/29 MP: 3/3
   503 | D:1      | Bought a potion of curing for 39 gold pieces
   912 | D:2      | Noticed a phantom
   924 | D:2      | Killed a phantom
   925 | D:2      | Reached skill level 4 in Axes
   925 | D:2      | Reached XP level 4. HP: 33/37 MP: 2/4
   993 | D:2      | Reached XP level 5. HP: 42/42 MP: 5/5
  1361 | D:2      | Reached skill level 5 in Axes
  1616 | D:2      | Reached XP level 6. HP: 48/48 MP: 3/6
  2222 | D:3      | Reached *** piety under Trog
  2587 | D:3      | Found Ruicweddass's Distillery.
  2595 | D:3      | Bought a potion of degeneration for 14 gold pieces
  2621 | D:3      | Found a glowing golden altar of the Shining One.
  2628 | D:3      | Found a snail-covered altar of Cheibriados.
  2690 | D:3      | Found a sacrificial altar of Ru.
  2690 | D:3      | Found an iron altar of Okawaru.
  3031 | D:4      | Found a shimmering blue altar of Sif Muna.
  3039 | D:4      | Reached skill level 6 in Axes
  3039 | D:4      | Reached XP level 7. HP: 42/55 MP: 7/7
  3119 | D:4      | Noticed Robin
  3133 | D:4      | Killed Robin
  3663 | D:5      | Entered Level 5 of the Dungeon
  3763 | D:5      | Reached skill level 5 in Fighting
  3922 | D:5      | Reached skill level 7 in Axes
  3989 | D:5      | Reached XP level 8. HP: 62/62 MP: 8/8
  4273 | D:5      | Found a staircase to the Ecumenical Temple.
  4280 | Temple   | Entered the Ecumenical Temple
  4542 | D:5      | Found a shadowy altar of Dithmenos.
  4918 | D:6      | Reached skill level 8 in Axes
  5134 | D:6      | Found a transporter.
  5159 | D:6      | Found a transporter.
  5162 | D:6      | Noticed EnegeticOcto's ghost (novice MiFi)
  5347 | D:6      | Noticed a hornet
  5354 | D:6      | Killed a hornet
  5355 | D:6      | Reached XP level 9. HP: 68/69 MP: 9/9
  5480 | D:6      | Reached skill level 9 in Axes
  5489 | D:6      | Killed EnegeticOcto's ghost
  5490 | D:6      | Reached skill level 5 in Armour
  5490 | D:6      | Reached **** piety under Trog
  5642 | D:7      | Found a broken altar of Ashenzari.
  5702 | D:7      | Found a flagged portal.
  5718 | Bailey   | Entered a bailey
  5733 | Bailey   | Reached skill level 10 in Axes
  5854 | Bailey   | Reached XP level 10. HP: 66/77 MP: 10/10
  5864 | Bailey   | Reached skill level 11 in Axes
  5957 | Bailey   | Noticed a vault guard
  5957 | Bailey   | Noticed Prince Ribbit
  5966 | Bailey   | Killed Prince Ribbit
  5967 | Bailey   | Killed a vault guard
  6010 | Bailey   | Noticed a vault guard
  6031 | Bailey   | Killed a vault guard
  6032 | Bailey   | Reached skill level 5 in Dodging
  6392 | D:7      | Reached skill level 12 in Axes
  6584 | D:7      | Noticed a purple ugly thing
  6589 | D:7      | Killed a purple ugly thing
  6849 | D:8      | Reached ***** piety under Trog
  6850 | D:8      | Reached XP level 11. HP: 85/85 MP: 11/11
  7817 | D:9      | Found a blossoming altar of Fedhas.
  7860 | D:9      | Reached skill level 13 in Axes
  8230 | D:9      | Paralysed by a hornet for 1 turns
  8232 | D:9      | Paralysed by a hornet for 3 turns
  8236 | D:9      | Slain by a troll

Illustrated notes

Levels and vault maps discovered:
D:1:      nzn_arrival_settlement, layout_loops_ring, serial_shops, shop,
          minmay_tripent
D:2:      layout_basic, chequers_serial_rivers_room_b,
          minmay_fractal_squares_gapless_5
D:3:      layout_rooms, mainiacjoe_overflow_divided_tiny,
          mainiacjoe_overflow_big_doors, serial_shops,
          nicolae_shop_industrial_runoff, kennysheep_generic_room_15
D:4:      layout_gridville, nicolae_sif_muna_condensation, minmay_ruptured,
          uniq_robin
D:5:      layout_basic, amcnicky_altar_gilded, minmay_temple_entry_tees
D:6:      layout_loops_ring, gammafunk_ghost_stat_death
D:7:      layout_basic, cheibrodos_ashenzari_chains, enter_bailey_5
D:8:      layout_layer_cave
D:9:      layout_big_octagon, kennysheep_mini_moat
Temple:   eino_narrow_crystal_temple

Skill      XL: |  1  2  3  4  5  6  7  8  9 10 11 |
---------------+----------------------------------+-----
Fighting       | 4 5 6 7 8 |  8.0
Axes           | 4 5 6 7 8 10 12 13 | 13.0
Dodging        | 3 4 5 |  5.0
Armour         | 3 4 5 7 |  7.8

Action                     |  1- 3 |  4- 6 |  7- 9 | 10-12 || total
---------------------------+-------+-------+-------+-------++-------
  Melee: Hand axe          |    71 |   165 |       |       ||   236
         Punch             |     2 |     2 |     1 |     2 ||     7
         War axe           |       |    28 |   214 |    72 ||   314
         Battleaxe         |       |       |       |    89 ||    89
 Invoke: Berserk           |     1 |     2 |     3 |     4 ||    10
    Use: Scroll            |       |       |     7 |     2 ||     9
   Stab: Sleeping          |     1 |       |       |       ||     1
 Armour: Animal skin       |    33 |   105 |       |       ||   138
         Ring mail         |       |     3 |    24 |       ||    27
         Chain mail        |       |       |   134 |    22 ||   156
         Plate armour      |       |       |       |   118 ||   118
  Dodge: Dodged            |    48 |   112 |   111 |    62 ||   333
  Block: Other             |       |    11 |    45 |    22 ||    78
         Reflection        |       |       |     4 |       ||     4
